AoeStats
← Grand2024

Oasis

507817805Analyzed
4v4 RM · 12d ago on Sep 19, 2026· 60m 14s· 8 players
Game mode
Random Map
Map size
Large (8 player)
Population
200
Speed
Normal
Resources
Standard
Victory
Conquest
Starting age
Dark Age
Ending age
Imperial Age
RankedLock teamsTeams togetherTeam positionsShared explorationLock speedFull tech treeHidden civsTurbo modeCheats
Victory
Defeat
🇩🇪 Persians · Germany
795
+13
🇹🇷 Bulgarians · Türkiye
732
+15
🇦🇺 Spanish · Australia
671
+18
🇩🇪 Teutons · Germany
659
+18
🇧🇪 Vietnamese · Belgium
877
-22
🇺🇸 Romans · United States
778
-19
🇺🇸 Mongols · United States
646
-13
🇺🇸 Chinese · United States
554
-10
Grand2024
0:31 Loom
10:39 Feudal Age
30:23 Castle Age
35:09 Elite Skirmisher
38:00 Pikeman
40:54 Fletching
42:33 Padded Archer Armor
42:29 Bodkin Arrow
43:36 Town Watch
44:07 Crossbowman
46:51 Double-Bit Axe
47:44 Wheelbarrow
49:13 Bow Saw
51:01 Hand Cart
54:27 Imperial Age
52:41 Ballistics
54:33 Imperial Skirmisher
56:51 Hand Cart
xDATASURFERx
9:53 Feudal Age
8:08 Loom
16:56 Scale Barding Armor
17:23 Forging
18:02 Wheelbarrow
17:12 Man-at-Arms
21:19 Scale Mail Armor
22:23 Horse Collar
22:32 Double-Bit Axe
27:33 Castle Age
29:22 Elite Skirmisher
31:26 Long Swordsman
32:06 Squires
32:43 Hand Cart
32:35 Heavy Plow
37:17 Pikeman
38:03 Padded Archer Armor
37:55 Fletching
41:58 Gold Mining
42:20 Bow Saw
42:05 Stone Mining
44:25 Chain Mail Armor
44:46 Iron Casting
44:07 Bodkin Arrow
44:27 Husbandry
47:07 Imperial Age
47:29 Chain Barding Armor
47:18 Capped Ram
47:50 Onager
47:51 Heavy Scorpion
48:23 Siege Ram
49:38 Block Printing
49:36 Redemption
52:01 Halberdier
53:24 Crop Rotation
53:58 Blast Furnace
53:25 Bloodlines
52:36 Light Cavalry
Bitsnpieces4257
1:53 Loom
12:08 Feudal Age
15:33 Wheelbarrow
17:53 Man-at-Arms
24:42 Double-Bit Axe
28:01 Castle Age
28:52 Horse Collar
29:27 Bow Saw
30:54 Elite Skirmisher
33:49 Hand Cart
40:23 Squires
39:44 Pikeman
43:09 Imperial Age
40:25 Town Watch
46:54 Conscription
46:36 Nomads
50:17 Chemistry
49:38 Ballistics
49:39 Elite Mangudai
50:32 Heavy Scorpion
53:39 Heavy Camel Rider
55:54 Light Cavalry
56:45 Bloodlines
56:36 Husbandry
NewtKnight7299
1:16 Loom
14:55 Feudal Age
19:19 Wheelbarrow
20:11 Double-Bit Axe
20:18 Horse Collar
26:34 Gold Mining
26:35 Stone Mining
39:55 Castle Age
41:14 Elite Skirmisher
44:33 Hand Cart
47:09 Great Wall
47:38 Fortified Wall
53:53 Ballistics
58:37 Bow Saw
Jenni_kre
1:44 Loom
2:31 Loom
13:46 Feudal Age
15:13 Double-Bit Axe
15:23 Stone Mining
21:41 Man-at-Arms
26:38 Castle Age
27:12 Squires
26:58 Arson
27:22 Thumb Ring
31:18 Stone Shaft Mining
30:34 Gold Mining
30:07 Long Swordsman
34:24 Gold Shaft Mining
36:36 Wheelbarrow
35:47 Town Watch
39:52 Hand Cart
41:42 Kamandaran
42:06 Horse Collar
44:46 Fletching
44:57 Padded Archer Armor
45:00 Crossbowman
46:22 Leather Archer Armor
47:38 Ballistics
48:18 Town Patrol
49:11 Caravan
50:50 Bow Saw
50:05 Elite Skirmisher
50:32 Gambesons
52:18 Fervor
53:42 Bodkin Arrow
53:53 Scale Barding Armor
53:55 Heavy Plow
56:45 Chain Barding Armor
56:26 Scale Mail Armor
60:19 Imperial Age
Sg1Sga
0:38 Loom
16:14 Feudal Age
25:33 Double-Bit Axe
27:15 Horse Collar
31:40 Wheelbarrow
35:05 Castle Age
34:42 Gold Mining
36:01 Hand Cart
36:07 Town Watch
40:10 Town Patrol
40:23 Bow Saw
41:43 Heavy Plow
41:55 Padded Archer Armor
41:45 Fletching
41:56 Scale Mail Armor
42:07 Forging
43:39 Fortified Wall
44:21 Pikeman
45:02 Squires
44:48 Gambesons
44:48 Arson
45:05 Guard Tower
50:12 Imperial Age
48:26 Bloodlines
47:41 Elite Skirmisher
52:34 Two-Man Saw
51:46 Caravan
51:17 Cavalier
52:25 Stone Mining
53:02 Conscription
53:03 Ironclad
53:24 Halberdier
53:24 Man-at-Arms
53:39 Onager
56:40 Paladin
Merginator44
0:31 Loom
14:12 Feudal Age
15:06 Horse Collar
15:22 Double-Bit Axe
21:02 Castle Age
21:10 Fletching
21:21 Padded Archer Armor
24:53 Wheelbarrow
24:05 Town Watch
25:25 Forging
25:17 Scale Mail Armor
27:38 Hand Cart
29:23 Husbandry
35:32 Imperial Age
34:17 Stone Mining
34:19 Gold Mining
37:17 Stone Shaft Mining
37:21 Gold Shaft Mining
36:56 Town Patrol
37:27 Heavy Plow
36:51 Elite Konnik
39:28 Crop Rotation
39:23 Bloodlines
38:37 Elite Skirmisher
39:43 Bodkin Arrow
40:04 Leather Archer Armor
40:24 Iron Casting
39:56 Scale Barding Armor
40:41 Bracer
40:54 Thumb Ring
43:17 Chain Barding Armor
43:58 Blast Furnace
42:29 Pikeman
43:09 Squires
42:55 Arson
43:27 Chain Mail Armor
44:55 Plate Barding Armor
46:16 Caravan
47:36 Plate Mail Armor
48:10 Bow Saw
51:39 Chemistry
51:00 Ballistics
50:36 Murder Holes
50:51 Masonry
50:47 Siege Engineers
56:02 Heavy Scorpion
58:56 Architecture
DetectiveHolt
10:56 Feudal Age
22:16 Castle Age
28:45 Double-Bit Axe
31:32 Gold Mining
32:51 Loom
33:16 Pikeman
41:34 Imperial Age
38:52 Town Watch
43:13 Cavalier
45:59 Bloodlines
Connection lost

Rejoining the realm…

Still unreachable

The connection could not be restored.

Session expired

The server has moved on; the page needs a fresh start.